 Dungeon Crawl Stone Soup version 0.20-a0-960-ge493e74 (webtiles) character file.

65 MrRokkomies the Skirmisher (level 4, -6/42 HPs)
             Began as a Ghoul Monk on Apr 7, 2017.
             Mangled by Sigmund
             ... wielding a +0 scythe
              (7 damage)
             ... on level 2 of the Dungeon.
             The game lasted 00:04:15 (1564 turns).

MrRokkomies the Skirmisher (Ghoul Monk)             Turns: 1564, Time: 00:04:15

Health: -6/42      AC:  9    Str: 15    XL:     4   Next: 13%
Magic:  3/3        EV: 10    Int:  5    God:
Gold:   113        SH:  0    Dex: 11    Spells: 3/3 levels left

rFire    + + .     SeeInvis .     - Unarmed
rCold    . . .     Gourm    .   (no shield)
rNeg     + + +     Faith    .   j - +1 fire dragon scales
rPois    ∞         Spirit   .   (no helmet)
rElec    .         Reflect  .   (no cloak)
rCorr    .         Harm     .   (no gloves)
MR       .....                  (no boots)
Stlth    +.........             (no amulet)
Regen    0.0/turn               (no ring)
MPRegen  0.1/turn               (no ring)

@: rotting
A: rotting body, claws 1, carnivore 3, cold resistance 1, negative energy
resistance 3, inhibited regeneration, torment resistance, unbreathing
a: no special abilities


You were on level 2 of the Dungeon.
You were not hungry.

You visited 1 branch of the dungeon, and saw 2 of its levels.

You collected 113 gold pieces.

Inventory:

Hand Weapons
 d - a +2 dagger of electrocution
Armour
 j - +1 fire dragon scales (worn)
Jewellery
 k - a cursed ring of teleportation {unknown}
Scrolls
 c - a scroll of remove curse {unknown}
 f - a scroll of magic mapping {unknown}
 g - a scroll of fear
 l - a scroll of teleportation {unknown}
Potions
 a - 2 potions of haste
 e - 2 potions of cancellation {unknown}
 h - a potion of heal wounds {unknown}
 i - a potion of curing {unknown}
Comestibles
 b - 3 meat rations


   Skills:
 - Level 5.0 Fighting
 * Level 1.0 Armour
 - Level 3.6 Dodging
 - Level 4.3 Stealth
 * Level 2.7 Unarmed Combat


You had 3 spell levels left.
You didn't know any spells.

Dungeon Overview and Level Annotations

Branches:
Dungeon (2/15)

Altars:
Nemelex Xobeh

Annotations:
D:2 Sigmund


Innate Abilities, Weirdness & Mutations

Your body is rotting away.
You thrive on raw meat.
You are immune to poison.
You have sharp fingernails.
You are carnivorous and can eat meat at any time.
Your flesh is cold resistant. (rC+)
You are immune to negative energy. (rN+++)
You do not regenerate when monsters are visible.
You are immune to unholy pain and torment.
You can survive without breathing.


Message History

You scratch something but do no damage. You scratch something but do no damage.
You hear some strange, mumbled words.
You are confused.
You completely miss something. Something hits you but does no damage.
You miss something. Something hits you.
You miss something. You scratch something but do no damage.
Something completely misses you.
You miss something.
You bump into the rock wall.
You feel less confused. Something hits you!
You completely miss something. Something hits you!
* * * LOW HITPOINT WARNING * * *
You miss something.
Your fire dragon scales prevents you from hitting something.
Something hits you.
* * * LOW HITPOINT WARNING * * *
You miss something. Something hits you!
You die...

###...#...###.#.#
#....#
......#÷### #.#.#
####.. ####....#
#.#.# ##. #.####
#.#.# #. #.#
#.#.# #. #.#
###.#.# #. #.#
#...# #. #.#
#.############ #.
#.#
#..)..@†...... #.
#.#
#†.####.#...## #.
.....# ... ..#
#####.# ..... .
#.# ......# #.#
.#...## ..#
.##### ### .#


There were no monsters in sight!

Vanquished Creatures
  3 adders (D:2)
  A worm (D:2)
  A leopard gecko (D:1)
  A giant cockroach (D:2)
  A goblin (D:1)
  6 hobgoblins
  2 jackals (D:1)
  2 kobolds
  8 bats
  4 frilled lizards
  6 rats
35 creatures vanquished.

Notes
Turn   | Place    | Note
-------+----------+-------------------------------------------
     0 | D:1      | MrRokkomies the Ghoul Monk began the quest for the Orb.
     0 | D:1      | Reached XP level 1. HP: 22/22 MP: 0/0
   162 | D:1      | Reached XP level 2. HP: 22/27 MP: 1/1
   177 | D:1      | Reached skill level 1 in Unarmed Combat
  1057 | D:2      | Reached XP level 3. HP: 35/35 MP: 2/2
  1334 | D:2      | Reached skill level 5 in Fighting
  1342 | D:2      | Found a sparkling altar of Nemelex Xobeh.
  1539 | D:2      | Noticed Sigmund
  1543 | D:2      | Reached skill level 1 in Armour
  1543 | D:2      | Reached XP level 4. HP: 39/42 MP: 3/3
  1563 | D:2      | HP: 1/42 [something (5)]
  1564 | D:2      | Mangled by Sigmund

Vault maps used:
D:1:      saegor_arrival_simple_f, minmay_misc_feat_alley, minmay_crystal_room
D:2:      nemelex_xobeh_ov_fountains_minmay, uniq_sigmund

Skill      XL: |  1  2  3 |
---------------+----------+-----
Unarmed Combat | 2 |  2.7
Fighting       | 5 |  5.0
Armour         | 1 |  1.0
Dodging        | |  3.6
Stealth        | |  4.3

Action                   |  1- 3 |  4- 6 || total
-------------------------+-------+-------++-------
Melee: Unarmed           |   139 |    16 ||   155
  Use: Scroll            |     4 |       ||     4
 Stab: Sleeping          |     4 |       ||     4
  Eat: Chunk             |     4 |       ||     4
Armor: Robe              |     7 |       ||     7
       Fire dragon scale |    44 |     2 ||    46
Dodge: Dodged            |    64 |     2 ||    66
